 Dungeon Crawl Stone Soup version 0.19.1 (webtiles) character file.

78 Monsterracer the Digger (level 4, -8/24 HPs)
             Began as a Gargoyle Earth Elementalist on Nov 26, 2016.
             Mangled by Sigmund
             ... wielding a cursed -1 scythe
              (12 damage)
             ... on level 3 of the Dungeon.
             The game lasted 00:07:26 (2670 turns).

Monsterracer the Digger (GrEE)                      Turns: 2670, Time: 00:07:27

Health: -8/24      AC:  6    Str: 11    XL:     4   Next: 36%
Magic:  0/6        EV: 17    Int: 17    God:
Gold:   60         SH:  0    Dex: 15    Spells: 2 memorised, 3 levels left

rFire  + . .     SeeInvis .     l - +0 club
rCold  . . .     Gourm    .     c - +1 robe
rNeg   + . .     Faith    .     (no shield)
rPois  ∞         Spirit   .     (no helmet)
rElec  +         Reflect  .     (no cloak)
rCorr  .         Harm     .     (no gloves)
MR     .....                    (no boots)
Stlth  +++.......               (no amulet)
                                (no ring)
                                (no ring)

@: agile, very slightly contaminated
A: hooves 1, fire resistance 1, low mp 1, negative energy resistance 1,
electricity resistance, unbreathing, petrification resistance, rot immunity, AC
+3
a: no special abilities


You were on level 3 of the Dungeon.
You were not hungry.

You visited 1 branch of the dungeon, and saw 3 of its levels.

You collected 60 gold pieces.

Inventory:

Hand Weapons
 l - a +0 club (weapon)
Armour
 c - a +1 robe (worn)
Scrolls
 a - 2 scrolls of remove curse
 b - a scroll of teleportation {unknown}
 g - a scroll of recharging
 i - a scroll of amnesia {unknown}
 m - 3 scrolls of identify
 n - a scroll of fog {unknown}
Potions
 j - a potion of curing
Books
 e - a book of Geomancy

   Spells                             Type                      Level
   a - Sandblast                      Earth                        1
   b - Passwall                       Transmutation/Earth          2
   c - Stone Arrow                    Conjuration/Earth            3
   d - Petrify                        Transmutation/Earth          4
   e - Lee's Rapid Deconstruction     Earth                        5
Comestibles
 d - 3 bread rations
 f - a slice of pizza
 h - a beef jerky
 o - a chunk of flesh


   Skills:
 + Level 1.4 Maces & Flails
 - Level 1.5 Dodging
 - Level 2.1 Stealth
 + Level 2.3 Spellcasting
   Level 0.7 Transmutations
 * Level 5.4 Earth Magic


You had 3 spell levels left.
You knew the following spells:

 Your Spells              Type           Power        Failure   Level  Hunger
a - Sandblast             Erth           ###...       1%          1    #......
b - Stone Arrow           Conj/Erth      ##....       21%         3    ###....


Dungeon Overview and Level Annotations

Branches:
Dungeon (3/15)

Altars:
Elyvilon
Hepliaklqana
Yredelemnul

Annotations:
D:2 Terence
D:3 Sigmund


Innate Abilities, Weirdness & Mutations

You are resistant to torment.
Your stone body is resilient. (AC +3)
You are immune to poison.
You resist negative energy. (rN+)
You are resistant to electric shocks. (rElec)
You can survive without breathing.
You are immune to petrification.
You are immune to rotting.
You have large cloven feet.
Your flesh is heat resistant. (rF+)
Your magical capacity is low. (-10% MP)


Message History

You hit Sigmund but do no damage. Your kick misses Sigmund.
Sigmund is moderately wounded.
Sigmund barely misses you.
You hit Sigmund. You kick Sigmund, but do no damage.
Sigmund is heavily wounded.
Sigmund closely misses you.
You barely miss Sigmund.
Sigmund is heavily wounded.
You hit Sigmund.
Sigmund is heavily wounded.
Sigmund barely misses you.
You hit Sigmund.
Sigmund is heavily wounded.
Sigmund hits you with a scythe.
* * * LOW HITPOINT WARNING * * *
You hit Sigmund.
Sigmund is severely wounded.
Sigmund hits you with a scythe!
Ouch! That really hurt!
You die...

#.# #.............##
#.###.##......###.#
#.....##......###.###
######.####.##.#.....#
... #.# #.#.....)..##
#†##.####............
#..##..................##
#..............#.#.....#
#.#..###@####..#.###.###
........@........ #.#
#.#..###.####..## #.# #
#. #.. ..# # #.# #.# #.#
...


You could see Sigmund.

Vanquished Creatures
  3 adders
  An ooze (D:2)
  2 worms
  A dart slug (D:2)
  A leopard gecko (D:2)
  5 giant cockroaches
  5 goblins
  6 hobgoblins
  3 quokkas
  A bat (D:3)
  2 frilled lizards (D:2)
  2 kobolds (D:1)
  8 rats
40 creatures vanquished.

Notes
Turn   | Place    | Note
-------+----------+-------------------------------------------
     0 | D:1      | Monsterracer the Gargoyle Earth Elementalist began the quest for the Orb.
     0 | D:1      | Reached XP level 1. HP: 10/10 MP: 3/3
   134 | D:1      | Reached skill level 4 in Earth Magic
   211 | D:1      | Reached XP level 2. HP: 15/15 MP: 3/5
   778 | D:2      | Reached XP level 3. HP: 19/19 MP: 2/6
   783 | D:2      | Learned a level 3 spell: Stone Arrow
  1132 | D:2      | Reached skill level 5 in Earth Magic
  1308 | D:2      | Gained mutation: You have large cloven feet. [potion of mutation]
  1308 | D:2      | Gained mutation: Your magical capacity is low. (-10% MP) [potion of mutation]
  1308 | D:2      | Gained mutation: Your flesh is heat resistant. (rF+) [potion of mutation]
  1381 | D:2      | Reached skill level 1 in Maces & Flails
  1968 | D:3      | Noticed Terence
  2227 | D:2      | Reached XP level 4. HP: 18/24 MP: 0/6
  2336 | D:3      | Found a hazy altar of Hepliaklqana.
  2338 | D:3      | Found a basalt altar of Yredelemnul.
  2339 | D:3      | Found a white marble altar of Elyvilon.
  2643 | D:3      | Noticed Sigmund
  2670 | D:3      | Mangled by Sigmund

Skill      XL: |  1  2  3 |
---------------+----------+-----
Earth Magic    | 4 5 |  5.4
Maces & Flails | 1 |  1.4
Dodging        | |  1.5
Stealth        | |  2.1
Spellcasting   | |  2.3
Transmutations | |  0.7

Action                   |  1- 3 |  4- 6 || total
-------------------------+-------+-------++-------
Melee: Club              |    26 |    30 ||    56
       Kick              |     3 |    11 ||    14
 Cast: Sandblast         |    54 |    16 ||    70
       Stone Arrow       |       |     2 ||     2
  Use: Potion            |     9 |     1 ||    10
       Scroll            |     4 |       ||     4
 Stab: Sleeping          |     2 |       ||     2
  Eat: Chunk             |     5 |     2 ||     7
Armor: Robe              |    17 |     4 ||    21
Dodge: Dodged            |    27 |    15 ||    42
